 Dungeon Crawl Stone Soup version 0.27.0-1-g7a089689b8 (webtiles) character file.

Game seed: 2205426803777865238

11 inmateoo the Digger (level 2, -2/18 HPs)
             Began as an Octopode Earth Elementalist on Aug 7, 2021.
             Slain by a jackal (3 damage)
             ... on level 1 of the Dungeon.
             The game lasted 00:01:03 (737 turns).

inmateoo the Digger (Octopode Earth Elementalist)    Turns: 737, Time: 00:01:03

Health: -2/18      AC:  1    Str:  7    XL:     2   Next: 29%
Magic:  2/5        EV: 13    Int: 17    God:
Gold:   8          SH:  0    Dex: 12    Spells: 4/5 levels left

rFire    . . .     SeeInvis .   c - +0 whip
rCold    . . .     Faith    .   (no shield)
rNeg     . . .     Spirit   .   (helmet restricted)
rPois    .         Reflect  .   (no amulet)
rElec    .         Harm     .   (no ring)
rCorr    .         Rampage  .   (no ring)
Will     .....                  (no ring)
Stlth    +++.......             (no ring)
HPRegen  0.06/turn              (no ring)
MPRegen  0.09/turn              (no ring)
                                (no ring)
                                (no ring)

@: no status effects
A: almost no armour, amphibious, 8 rings, camouflage 1, gelatinous body 1,
(nimble swimmer 1), tentacles
a: no special abilities


You were on level 1 of the Dungeon.
You visited 1 branch of the dungeon, and saw 1 of its levels.

You collected 8 gold pieces.

Inventory:

Hand Weapons
 c - a +0 whip (weapon)
Missiles
 b - 23 stones
Scrolls
 a - a scroll of identify {unknown}
Potions
 d - a potion of curing {unknown}
 e - 2 potions of flight {unknown}


   Skills:
 + Level 0.3 Fighting
 + Level 2.2 Dodging
 + Level 3.0 Stealth
 + Level 2.1 Spellcasting
 + Level 1.2 Transmutations
 + Level 3.1 Earth Magic


You had 4 spell levels left.
You knew the following spells:

 Your Spells              Type           Power      Damage    Failure   Level
a - Sandblast             Erth           24%        2d8       5%          1

Your spell library contained the following spells:

 Spells                   Type           Power      Damage    Failure   Level
 Passwall                 Tmut/Erth      7%         N/A       12%         2
 Wereblood                Tmut           6%         N/A       17%         2
 Slow                     Hex            1%         N/A       28%         2
 Sublimation of Blood     Necr           0%         N/A       28%         2
 Stone Arrow              Conj/Erth      14%        3d7       30%         3
 Confusing Touch          Hex            1%         N/A       50%         3
 Vampiric Draining        Necr           0%         2d6       50%         3
 Petrify                  Tmut/Erth      9%         N/A       61%         4
 Summon Hydra             Summ           0%         N/A       100%        7


Dungeon Overview and Level Annotations

Branches:
Dungeon (1/15)

Altars:


Innate Abilities, Weirdness & Mutations

You cannot wear most types of armour.
You are amphibious.
You can wear up to eight rings at the same time.
Your skin changes colour to match your surroundings (Stealth+).
Your rubbery body absorbs attacks. (AC +1, EV +1)
((You are camouflaged near water. (Stealth+)))
You have tentacles for arms and can constrict up to eight enemies at once.


Message History

3 jackals come into view.
A jackal comes into view.
Found 14 stones.
There is an open door here.
The jackal barks! x3
The jackal bites you. x2; The jackal barely misses you.
The jackal barks!
You closely miss the jackal. Your grab misses the jackal. The jackal bites you.
The jackal misses you. The jackal bites you. The jackal bites you.
* * * LOW HITPOINT WARNING * * *
The jackal bites you.
* * * LOW HITPOINT WARNING * * *
There is an open door here.
Casting: Sandblast (safe; 5% risk of failure)
Confirm with . or Enter, or press ? or * to list all spells.
Aiming: Sandblast (safe; 5% risk of failure)
Press: ? - help, Shift-Dir - straight line, f - jackal
Aim: a jackal (74% to hit)
The blast of sand hits the jackal!
You kill the jackal!
The jackal closely misses you.
Casting: Sandblast (safe; 5% risk of failure)
Confirm with . or Enter, or press ? or * to list all spells.
Aiming: Sandblast (safe; 5% risk of failure)
Press: ? - help, Shift-Dir - straight line, f - jackal
Aim: a jackal (74% to hit)
The blast of sand hits the jackal.
The jackal is almost dead.
Casting: Sandblast (safe; 5% risk of failure)
Confirm with . or Enter, or press ? or * to list all spells.
Aiming: Sandblast (safe; 5% risk of failure)
Press: ? - help, Shift-Dir - straight line, f/p - jackal
Aim: a jackal (almost dead, 74% to hit)
The blast of sand hits the jackal but does no damage.
The jackal is almost dead.
The jackal bites you.
* * * LOW HITPOINT WARNING * * *
The jackal barely misses you. The jackal bites you.
You die...

...
#..............####.#†#
.... ######..####.####
#.#.# ........# #.#
#.#.# ######..# #.#
#.#.# ##.## #.# #.#.#
.#####..###.# #.#
.............# #.##
#.######.###.# #...
#@h# # #### ######h##.#
#.....h...# #.........#
#.........#
#######..... #...##.
#...# # #(..#


You could see 3 jackals.

Vanquished Creatures
  An endoplasm (D:1)
  2 hobgoblins (D:1)
  A jackal (D:1)
  5 frilled lizards (D:1)
  2 goblins (D:1)
  A kobold (D:1)
12 creatures vanquished.

Notes
Turn   | Place    | Note
-------+----------+-------------------------------------------
     0 | D:1      | inmateoo the Octopode Earth Elementalist began the quest
                  | for the Orb.
     0 | D:1      | Reached XP level 1. HP: 11/11 MP: 3/3
     9 | D:1      | Found a faded altar of an unknown god.
   648 | D:1      | Reached XP level 2. HP: 17/17 MP: 5/5
   737 | D:1      | Slain by a jackal

Illustrated notes

Levels and vault maps discovered:
D:1:      dpeg_arrival_pits, layout_basic,
          hellmonk_ecumenical_altar_leap_of_faith,
          chequers_serial_rivers_small_3

Skill      XL: |  1  2 |
---------------+-------+-----
Stealth        | 3 |  3.0
Fighting       | |  0.3
Dodging        | |  2.2
Spellcasting   | |  2.1
Transmutations | |  1.2
Earth Magic    | |  3.1

Action                   || total
-------------------------++-------
Melee: Unarmed           ||     8
       Whip              ||    19
       Constrict         ||     6
       Tentacles         ||     1
 Cast: Sandblast         ||     7
 Stab: Sleeping          ||     4
Dodge: Dodged            ||    20
